 Dungeon Crawl Stone Soup version 0.21.1-1-g345015fe64 (webtiles) character file.

11946 SomePerson the Cleaver (level 11, -5/95 HPs)
             Began as a Minotaur Berserker on May 9, 2018.
             Was a High Priest of Trog.
             Killed from afar by an orc sorcerer (27 damage)
             ... with a bolt of fire
             ... while paralysed by an orc sorcerer
             ... on level 1 of the Orcish Mines.
             The game lasted 01:08:16 (9368 turns).

SomePerson the Cleaver (Minotaur Berserker)         Turns: 9368, Time: 01:08:17

Health: -5/95      AC: 14    Str: 29    XL:     11   Next: 56%
Magic:  10/10      EV:  2    Int:  4    God:    Trog [*****.]
Gold:   472        SH:  0    Dex: 14    Spells: 10/10 levels left

rFire    . . .     SeeInvis +   l - +6 war axe (flame)
rCold    . . .     Gourm    .   D - +0 buckler
rNeg     . . .     Faith    .   x - +4 steam dragon scales
rPois    .         Spirit   .   (helmet restricted)
rElec    .         Reflect  .   (no cloak)
rCorr    .         Harm     .   u - +1 pair of gloves {Dex+3}
MR       .....                  C - +0 pair of boots
Stlth    +++.......             (no amulet)
HPRegen  0.25/turn              g - +2 ring of slaying
MPRegen  0.12/turn              B - ring of see invisible

@: paralysed, mighty, drained
A: retaliatory headbutt, horns 2
a: Berserk, Trog's Hand, Brothers in Arms, Burn Spellbooks, Renounce Religion


You were on level 1 of the Orcish Mines.
You worshipped Trog.
Trog was extremely pleased with you.
You were not hungry.

You visited 3 branches of the dungeon, and saw 13 of its levels.
You also visited: Ossuary.

You collected 692 gold pieces.
You spent 220 gold pieces at shops.

Inventory:

Hand Weapons
 a - a +0 hand axe
 i - a +0 rapier
 l - a +6 war axe of flaming (weapon)
Missiles
 d - 426 stones (quivered)
Armour
 b - a +0 animal skin
 j - a +0 leather armour
 u - a +1 pair of gloves of dexterity (worn)
 x - +4 steam dragon scales (worn)
 y - the +1 helmet of Athres {rPois rF++ rC- MR+, unknown}
   (You found it on level 6 of the Dungeon)

   It greatly protects you from fire.
   It makes you vulnerable to cold.
   It protects you from poison.
   It affects your resistance to hostile enchantments.
 C - a +0 pair of boots (worn)
 D - a +0 buckler (worn)
Jewellery
 e - an uncursed ring of protection from fire
 g - a +2 ring of slaying (left hand)
 n - an uncursed ring of loudness
 B - a ring of see invisible (right hand)
Wands
 L - a wand of scattershot (4)
Scrolls
 f - 2 scrolls of magic mapping
 h - 3 scrolls of amnesia
 q - 5 scrolls of teleportation
 z - 2 scrolls of noise
 A - 3 scrolls of random uselessness
 E - 2 scrolls of remove curse
 H - a scroll of fog
 J - a scroll of brand weapon {unknown}
 K - a scroll of immolation
Potions
 k - a potion of lignification
 m - a potion of berserk rage {unknown}
 o - 5 potions of degeneration
 p - 6 potions of brilliance
 r - a potion of haste {unknown}
 s - 4 potions of might
 t - 2 potions of heal wounds
 v - 3 potions of mutation {unknown}
 w - 5 potions of curing
 F - a potion of flight {unknown}
 G - a potion of resistance {unknown}
 I - a potion of magic {unknown}
Comestibles
 c - 15 rations


   Skills:
 + Level 8.9(8.2) Fighting
 + Level 12.9(12.1) Axes
 - Level 0.6(0.0) Throwing
 * Level 8.5(7.8) Armour
 + Level 7.5(6.8) Dodging
 * Level 7.5(6.8) Stealth
 * Level 5.8(5.2) Shields


You had 10 spell levels left.
You didn't know any spells.

Dungeon Overview and Level Annotations

Branches:
Dungeon (11/15)            Temple (1/1) D:5             Orc (1/2) D:11
   Lair: D:8-11

Altars:
Ashenzari
Cheibriados
Dithmenos
Elyvilon
Fedhas
Gozag
Hepliaklqana
Kikubaaqudgha
Makhleb
Nemelex Xobeh
Okawaru
Qazlal
Ru
Sif Muna
Trog
Uskayaw
Vehumet
Wu Jian
Xom
Yredelemnul
Zin
The Shining One

Shops:
D:4 =[*   D:6 ?   D:7 [   D:9 *


Innate Abilities, Weirdness & Mutations

You reflexively headbutt those who attack you in melee.
You have a pair of horns on your head.


Message History

* * * LOW HITPOINT WARNING * * *
An orc comes into view. It is wielding a morningstar.
You feel much better. The warg misses you.
An orc wizard comes into view. It is wielding a dagger.
You feel very mighty all of a sudden. You block the warg's attack.
The orc sorcerer points at you and mumbles some strange words.
You suddenly lose the ability to move!
An orc priest comes into view.
The orc wizard shouts!
The warg bites you.
The orc priest moves out of view.
The orc sorcerer hits you but does no damage.
The ogre hits you with a giant spiked club.
The warg bites you.
The orc priest mumbles some strange prayers to Beogh against you.
Beogh smites you!
* * * LOW HITPOINT WARNING * * *
The orc sorcerer points at you and mumbles some strange words.
The bolt of fire hits you!
You die...

##...............
##...............o
#...............o#
...#.......$..o..#
......$.......#...
..$.........o..#.#.
..........oO......#
.......<..@h.....#
#...............##
...#.#........#.# #
##............#
##.##.......# ##
......#.#
##.#.##...# #.###
#.##


You could see a warg, an orc sorcerer, an ogre, 2 orc priests, an orc wizard and
an orc.

Vanquished Creatures
  Erolcha (D:10)
  3 two-headed ogres
  The ghost of Mrkan the Purifying Troll, a novice TrMo of Elyvilon (D:8)
  Pikel (D:5)
  Psyche (D:8)
  A centaur zombie (D:11)
  A kobold demonologist (D:11)
  4 hippogriffs
  Prince Ribbit (D:6)
  Sigmund (D:6)
  A spriggan (D:7)
  Eustachio (D:4)
  A steam dragon (D:6)
  2 vampire mosquitoes (D:11)
  Edmund (D:6)
  A water moccasin (D:8)
  5 ice beasts
  A black bear (D:10)
  2 sky beasts (D:10)
  3 orc warriors
  5 phantoms
  2 necrophages
  A slave (D:5)
  5 ogres
  10 centaurs
  A big kobold (D:9)
  8 bullfrogs
  A scorpion (D:6)
  8 killer bees
  A bullfrog zombie (D:11)
  7 crimson imps
  2 hounds (D:4)
  3 jellies
  9 orc wizards
  2 centaur skeletons
  3 orc priests
  A bullfrog skeleton (D:10)
  Natasha (D:1)
  10 worker ants
  4 iguanas
  2 big kobold zombies (Ossuary)
  A hound zombie (D:8)
  9 mummies
  2 hound skeletons
  Robin (D:2)
  10 adders
  A shadow imp (D:6)
  2 oozes (D:3)
  An adder zombie (D:8)
  3 adder skeletons
  3 worms
  4 dart slugs
  8 leopard geckos
  23 orcs
  7 giant cockroaches
  24 goblins
  10 hobgoblins
  14 jackals
  18 kobolds
  7 quokkas
  2 ball pythons (D:4)
  10 bats
  8 frilled lizards
  A gnoll zombie (Ossuary)
  A hobgoblin zombie (D:8)
  A jackal skeleton (D:8)
  3 kobold zombies (Ossuary)
  3 orc zombies
  7 rats
303 creatures vanquished.

Notes
Turn   | Place    | Note
-------+----------+-------------------------------------------
     0 | D:1      | SomePerson the Minotaur Berserker began the quest for the Orb.
     0 | D:1      | Reached XP level 1. HP: 19/19 MP: 0/0
    76 | D:1      | Reached skill level 4 in Axes
    78 | D:1      | Reached XP level 2. HP: 19/27 MP: 1/1
   196 | D:1      | Reached XP level 3. HP: 15/33 MP: 2/2
   420 | D:1      | Reached ** piety under Trog
   886 | D:2      | Reached XP level 4. HP: 28/41 MP: 3/3
   994 | D:2      | Noticed Robin
   996 | D:2      | Reached skill level 5 in Axes
  1007 | D:2      | Killed Robin
  1248 | D:2      | Noticed Natasha
  1275 | D:1      | Killed Natasha
  1275 | D:1      | Reached skill level 1 in Stealth
  1275 | D:1      | Reached XP level 5. HP: 15/47 MP: 4/4
  2172 | D:3      | Reached *** piety under Trog
  2678 | D:4      | Noticed an ogre
  2684 | D:4      | Killed an ogre
  2754 | D:4      | Reached XP level 6. HP: 55/55 MP: 5/5
  2789 | D:4      | Reached skill level 6 in Axes
  2898 | D:4      | Reached skill level 5 in Fighting
  2982 | D:4      | Noticed Eustachio
  3005 | D:4      | Killed Eustachio
  3005 | D:4      | Reached XP level 7. HP: 37/61 MP: 6/6
  3101 | D:4      | Found Xopiach's General Store.
  3115 | D:4      | Found Rofanwag's Antique Armour Emporium.
  3118 | D:4      | Reached skill level 7 in Axes
  3162 | D:4      | Found Nesat's Jewellery Boutique.
  3544 | D:5      | Entered Level 5 of the Dungeon
  3926 | D:5      | Reached **** piety under Trog
  4095 | D:5      | Noticed a hippogriff
  4102 | D:5      | Killed a hippogriff
  4102 | D:5      | Reached XP level 8. HP: 62/70 MP: 7/7
  4164 | D:5      | Found a staircase to the Ecumenical Temple.
  4173 | Temple   | Entered the Ecumenical Temple
  4369 | D:5      | Reached skill level 8 in Axes
  4504 | D:5      | Noticed Pikel
  4522 | D:5      | Killed Pikel
  4522 | D:5      | Reached skill level 5 in Dodging
  4791 | D:6      | Reached skill level 9 in Axes
  4824 | D:6      | Got an ichor-stained helmet
  4842 | D:6      | Noticed Prince Ribbit
  4857 | D:6      | Noticed Sigmund
  4861 | D:6      | Killed Prince Ribbit
  4861 | D:6      | Reached skill level 5 in Armour
  4861 | D:6      | Reached XP level 9. HP: 51/79 MP: 8/8
  4870 | D:6      | Killed Sigmund
  4878 | D:6      | Found Lucu's Magic Scroll Shop.
  4892 | D:6      | Bought a scroll of enchant weapon for 97 gold pieces
  4892 | D:6      | Bought a scroll of identify for 26 gold pieces
  4892 | D:6      | Bought a scroll of enchant weapon for 97 gold pieces
  4905 | D:6      | Noticed Edmund
  4912 | D:6      | Killed Edmund
  5058 | D:6      | Found a white marble altar of Elyvilon.
  5307 | D:6      | Reached ***** piety under Trog
  5307 | D:6      | Reached skill level 10 in Axes
  5324 | D:7      | Found Liys's Antique Armour Boutique.
  5330 | D:7      | Reached skill level 5 in Stealth
  5617 | D:7      | Reached skill level 1 in Shields
  5749 | D:7      | Received a gift from Trog
  6224 | D:8      | Noticed Mrkan's ghost (novice TrMo)
  6229 | D:8      | Found a sand-covered staircase.
  6241 | D:8      | Killed Mrkan's ghost
  6241 | D:8      | Reached XP level 10. HP: 32/88 MP: 9/9
  6368 | D:8      | Reached skill level 11 in Axes
  6387 | D:8      | Noticed a two-headed ogre
  6590 | D:8      | Killed a two-headed ogre
  6671 | D:8      | Noticed Psyche
  6678 | D:8      | Killed Psyche
  6851 | Ossuary  | Entered an ossuary
  7613 | D:9      | Noticed a two-headed ogre
  7619 | D:9      | Killed a two-headed ogre
  7652 | D:9      | Found Daupla Kinuc's Elemental Accessories.
  7739 | D:9      | Noticed a two-headed ogre
  7746 | D:9      | Killed a two-headed ogre
  7746 | D:9      | Reached skill level 12 in Axes
  7771 | D:9      | Reached XP level 11. HP: 63/95 MP: 10/10
  7928 | D:9      | Received a gift from Trog
  8329 | D:10     | Entered Level 10 of the Dungeon
  8401 | D:10     | Reached skill level 5 in Shields
  8688 | D:10     | Noticed Erolcha
  8703 | D:10     | Paralysed by Erolcha for 2 turns
  8709 | D:10     | Killed Erolcha
  9290 | D:11     | Found a staircase to the Orcish Mines.
  9354 | Orc:1    | Entered Level 1 of the Orcish Mines
  9354 | Orc:1    | Noticed an orc sorcerer
  9366 | Orc:1    | Paralysed by an orc sorcerer for 6 turns
  9368 | Orc:1    | Killed from afar by an orc sorcerer

Skill      XL: |  1  2  3  4  5  6  7  8  9 10 11 |
---------------+----------------------------------+-----
Axes           | 4 5 6 7 9 10 12 | 12.9
Fighting       | 4 5 7 8 |  8.9
Dodging        | 3 4 5 6 7 |  7.5
Stealth        | 1 2 3 4 5 7 |  7.5
Armour         | 3 4 5 6 7 8 |  8.5
Shields        | 2 4 5 |  5.8
Throwing       | |  0.6

Action                   |  1- 3 |  4- 6 |  7- 9 | 10-12 || total
-------------------------+-------+-------+-------+-------++-------
Melee: Hand axe          |    96 |    45 |       |       ||   141
       Headbutt          |    12 |    13 |    26 |    50 ||   101
       War axe           |       |    68 |   163 |   229 ||   460
Throw: Stone             |       |       |     3 |       ||     3
Invok: Burn Spellbooks   |       |       |     1 |     1 ||     2
  Use: Scroll            |       |     8 |     9 |     5 ||    22
       Potion            |       |     3 |     1 |     5 ||     9
 Stab: Sleeping          |       |     2 |     9 |     5 ||    16
       Distracted        |       |     1 |       |       ||     1
  Eat: Chunk             |       |     7 |     5 |     8 ||    20
       Ration            |       |       |     1 |     1 ||     2
Armor: Animal skin       |    10 |       |       |       ||    10
       Leather armour    |     4 |    29 |     8 |       ||    41
       Steam dragon scal |       |       |    16 |    71 ||    87
Dodge: Dodged            |    57 |    97 |   102 |   155 ||   411
Block: Buckler           |       |       |     4 |    64 ||    68
